 Dungeon Crawl Stone Soup version 0.30.1-4-g462c640d31 (webtiles) character file.

Game seed: 1134712533115303895

86 tiwtych the Covered (level 4, -1/40 HPs)
             Began as a Minotaur Fighter on Sept 15, 2023.
             Slain by Athletesfoot's ghost (10 damage)
             ... on level 3 of the Dungeon.
             The game lasted 00:11:14 (2274 turns).

tiwtych the Covered (Minotaur Fighter)              Turns: 2274, Time: 00:11:15

Health: -1/40      AC:  7    Str: 22    XL:     4   Next: 26%
Magic:  3/3        EV: 24    Int:  5    God:
Gold:   154        SH:  4    Dex: 10    Spells: 3/3 levels left

rFire   . . .        a - +0 war axe
rCold   . . .        c - +0 buckler
rNeg    . . .        b - +0 scale mail
rPois   .            (helmet restricted)
rElec   .            (no cloak)
rCorr   .            (no gloves)
SInv    .            (no boots)
Will    .....        e - amulet of the acrobat Stlth
                     j - ring of flight
HPRegen 0.26/turn    (no ring)
MPRegen 0.08/turn

%: acrobat
@: acrobatic, flying
A: horns 2, retaliatory headbutt
a: no special abilities


You were on level 3 of the Dungeon.
You visited 1 branch of the dungeon, and saw 3 of its levels.

You collected 154 gold pieces.

Inventory:

Hand Weapons
 a - a +0 war axe (weapon)
 f - a +0 short sword
 m - a +0 mace
Missiles
 k - 6 boomerangs (quivered)
Armour
 b - a +0 scale mail (worn)
 c - a +0 buckler (worn)
 l - a +0 robe
Jewellery
 e - an amulet of the acrobat (around neck)
 j - a ring of flight (left hand)
 p - a ring of willpower
 u - an amulet of the acrobat
Scrolls
 h - a scroll of amnesia {unknown}
 n - a scroll of enchant weapon {unknown}
 o - a scroll of fog {unknown}
 q - a scroll of identify {unknown}
 s - a scroll of magic mapping {unknown}
 t - a scroll of teleportation {unknown}
Potions
 d - a potion of might
 g - 4 potions of curing {unknown}
 i - a potion of brilliance {unknown}
 r - a potion of degeneration {unknown}
 v - a potion of invisibility {unknown}
 w - a potion of attraction {unknown}


   Skills:
 + Level 4.1 Fighting
 + Level 3.4 Axes
 + Level 4.5 Armour
 + Level 0.6 Dodging
 + Level 0.1 Stealth
 + Level 4.2 Shields


You had 3 spell levels left.
You didn't know any spells.
Your spell library contained the following spells:

 Spells                   Type           Power      Damage    Failure   Level
 Kiss of Death            Conj/Necr      0%         2d5       86%         1
 Ensorcelled Hibernation  Hex/Ice        0%         N/A       94%         2
 Confusing Touch          Hex            0%         N/A       99%         3
 Spider Form              Tmut/Pois      0%         N/A       99%         3
 Anguish                  Hex/Necr       0%         N/A       100%        4
 Dispel Undead            Necr           0%         3d6       100%        4


Dungeon Overview and Level Annotations

Branches:
Dungeon (3/15)

Altars:

Shops:
D:2 =[![*

Annotations:
D:3 1 transporter, Athletesfoot's ghost, weakling MiBe


Innate Abilities, Weirdness & Mutations

You have a pair of horns on your head.
You reflexively headbutt those who attack you in melee.


Message History

Things that are here:
a +1 dagger of venom; 5 stones; a kobold corpse You feel very sick.
You feel sick.
You feel sick.
You feel sick.
Things that are here:
a +1 dagger of venom; 5 stones; a kobold corpse You feel sick.
You feel sick.
You feel sick.
You feel sick.
There is a transporter here.
You enter the transporter and appear at another place.
You feel sick.
You are no longer poisoned.
You block the bullfrog zombie's attack.
You slash the bullfrog zombie!
The bullfrog zombie is moderately damaged.
You block the bullfrog zombie's attack. The bullfrog zombie closely misses you.
You closely miss the bullfrog zombie. You headbutt the bullfrog zombie!
The bullfrog zombie is almost destroyed.
The bullfrog zombie barely misses you. You furiously retaliate!
You headbutt the bullfrog zombie, but do no damage.
The bullfrog zombie hits you but does no damage.
You closely miss the bullfrog zombie.
The bullfrog zombie is almost destroyed.
The bullfrog zombie misses you. You furiously retaliate!
You headbutt the bullfrog zombie, but do no damage.
You completely miss the centaur skeleton.
You hit the bullfrog zombie.
The bullfrog zombie hits you but does no damage.
The centaur skeleton barely misses you. The centaur skeleton kicks you.
The bullfrog zombie hits you.
* * * LOW HITPOINT WARNING * * *
You can't go down here!
The centaur skeleton misses you. You furiously retaliate!
You headbutt the centaur skeleton! The centaur skeleton barely misses you.
The bullfrog zombie misses you. Athletesfoot's ghost hits you!
You die...

#..###.................#
#.............©........#
#..###..#############..#
# #[.#.....:$....#..# #
#..#.........Z.#..#.#
#..#..##...##..#..#.#
#..#..#8...8#..#....#
#..#..##.Z.##).#..###
#..#.....@.....#..#
#..#..##.ZW##..#..#
#..#..#8.Z.8#..#..#
#..#..##...##..#..#
#..#...........#..#
#..#©..........#..#
#..#############..#
#........©........#
#...........).....#


You could see Athletesfoot's ghost, a bullfrog zombie, a centaur skeleton and a
howler monkey skeleton.

Vanquished Creatures
  3 adders (D:2)
  A worm (D:3)
  3 endoplasms
  4 giant cockroaches
  4 goblins
  4 hobgoblins
  3 jackals (D:3)
  8 kobolds
  3 quokkas
  6 ball pythons
  A bat (D:1)
  8 frilled lizards
  7 rats
55 creatures vanquished.

Notes
Turn   | Place    | Note
-------+----------+-------------------------------------------
     0 | D:1      | tiwtych the Minotaur Fighter began the quest for the Orb.
     0 | D:1      | Reached XP level 1. HP: 19/19 MP: 0/0
   347 | D:1      | Reached XP level 2. HP: 27/27 MP: 1/1
  1403 | D:2      | Reached XP level 3. HP: 32/33 MP: 2/2
  1543 | D:2      | Found Joezef's Antique Armour Shop.
  1565 | D:2      | Found Wiyme's Distillery.
  1601 | D:2      | Found Moen Huapif's Jewellery Boutique.
  1656 | D:2      | Found Worphit's Armour Shoppe.
  1933 | D:2      | Reached XP level 4. HP: 40/40 MP: 3/3
  1962 | D:2      | Found Ymuwedd's Assorted Antiques.
  2188 | D:3      | Found a transporter.
  2188 | D:3      | Noticed Athletesfoot's ghost (weakling MiBe)
  2191 | D:3      | Found a transporter.
  2274 | D:3      | Slain by Athletesfoot's ghost

Illustrated notes

Levels and vault maps discovered:
D:1:      dpeg_arrival_three_smaller_balls, layout_basic
D:2:      kennysheep_big_flooded_room, layout_rooms, serial_shops, shop,
          nicolae_shop_stone, nicolae_shop_trees, nicolae_shop_advertising_works
          [nicolae_subvault_shop_adworks], shop, minmay_misc_feat_encased,
          minmay_tiny_reverse_x
D:3:      minmay_wonky_spiral, layout_loops_ring, fedhas_altar_fruit_tree,
          gammafunk_ghost_mausoleum

Skill      XL: |  1  2  3 |
---------------+----------+-----
Armour         | 4 |  4.5
Fighting       | 4 |  4.1
Shields        | 4 |  4.2
Axes           | 3 |  3.4
Dodging        | |  0.6
Stealth        | |  0.1

Action                     |  1- 3 |  4- 6 || total
---------------------------+-------+-------++-------
  Melee: War axe           |    74 |    24 ||    98
         Headbutt          |     3 |     1 ||     4
 Armour: Scale mail        |    48 |    15 ||    63
  Dodge: Dodged            |    58 |    28 ||    86
  Block: Buckler           |    25 |    12 ||    37
